 Dungeon Crawl Stone Soup version 0.30-b1-2-g02819fbbbe (webtiles) character file.

Game seed: 10049490931069052614

2 Armakuni the Vexing (level 1, 0/15 HPs)
             Began as a Merfolk Hexslinger on May 7, 2023.
             Slain by a quokka (3 damage)
             ... on level 1 of the Dungeon.
             The game lasted 00:01:47 (122 turns).

Armakuni the Vexing (Merfolk Hexslinger)             Turns: 122, Time: 00:01:48

Health: 0/15       AC:  2    Str: 10    XL:     1   Next: 30%
Magic:  1/2        EV: 12    Int: 12    God:
Gold:   0          SH:  0    Dex: 14    Spells: 1/2 levels left

rFire   . . .        a - +1 sling
rCold   . . .        (no shield)
rNeg    . . .        c - +0 robe
rPois   .            (no helmet)
rElec   .            (no cloak)
rCorr   .            (no gloves)
SInv    .            (no boots)
Will    .....        (no amulet)
Stlth   +            (no ring)
HPRegen 0.22/turn    (no ring)
MPRegen 0.08/turn

%: no passive effects
@: no status effects
A: (nimble swimmer 2), mertail
a: no special abilities


You were on level 1 of the Dungeon.
You visited 1 branch of the dungeon, and saw 2 of its levels.

Inventory:

Hand Weapons
 a - a +1 sling (weapon)
Armour
 c - a +0 robe (worn)
Scrolls
 b - a scroll of poison


   Skills:
 + Level 1.4 Fighting
 - Level 1.5 Ranged Weapons
 - Level 2.6 Dodging
 - Level 1.0 Spellcasting
 - Level 3.0 Hexes


You had one spell level left.
You knew the following spells:

 Your Spells              Type           Power      Damage    Failure   Level
a - Slow                  Hex            28%        N/A       9%          1

Your spell library contained the following spells:

 Spells                   Type           Power      Damage    Failure   Level
 Inner Flame              Hex/Fire       4%         N/A       43%         3
 Portal Projectile        Hex/Tloc       8%         N/A       43%         3
 Cause Fear               Hex            3%         N/A       65%         4


Dungeon Overview and Level Annotations

Branches:
Dungeon (2/15)

Altars:


Innate Abilities, Weirdness & Mutations

((You are very nimble when in or above water. (Stealth+, EV+, Speed+++)))
Your lower body shifts to a powerful aquatic tail in water.


Message History

You shoot a sling bullet.
The sling bullet barely misses the quokka.
The quokka bites you. x2
Fire: a) +1 sling
Press: ? - help, Q - select action, (/) - cycle Shift-Dir - straight line, f/p - quokka
Aim: a quokka (43% to hit)
You shoot a sling bullet.
The sling bullet completely misses the quokka.
The quokka bites you.
Okay, then.
Unknown command.
Casting: Slow (safe; 9% risk of failure)
Confirm with . or Enter, or press ? or * to list all spells.
Aiming: Slow (safe; 9% risk of failure)
Press: ? - help, Shift-Dir - straight line, f/p - quokka
Aim: a quokka (chance to affect: 58%)
The quokka seems to slow down.
The quokka bites you.
* * * LOW HITPOINT WARNING * * *
Fire: a) +1 sling
Press: ? - help, Q - select action, (/) - cycle Shift-Dir - straight line, f/p - quokka
Aim: a quokka (slow, 43% to hit)
You shoot a sling bullet. The sling bullet hits the quokka.
The quokka is lightly wounded.
The quokka barely misses you.
You aren't carrying any potions.
Fire: a) +1 sling
Press: ? - help, Q - select action, (/) - cycle Shift-Dir - straight line, f/p - quokka
Aim: a quokka (lightly wounded, slow, 43% to hit)
You shoot a sling bullet.
The sling bullet hits the quokka but does no damage.
The quokka is lightly wounded.
The quokka closely misses you.
Fire: a) +1 sling
Press: ? - help, Q - select action, (/) - cycle Shift-Dir - straight line, f/p - quokka
Aim: a quokka (lightly wounded, slow, 43% to hit)
You shoot a sling bullet.
The sling bullet hits the quokka but does no damage.
The quokka is lightly wounded.
The quokka bites you.
You die...

............ (.
........... .......
..........##.......
........##....... ..
#............# .
...##............##..
.....................
..........r..........
##.........@........#
#........<.........#
.....................
.....................
...##............##....
...##............##.b..
.........##....!......
.........##......!b...
...........b..........


You could see a quokka (slow).

Vanquished Creatures
  A goblin (D:1)
  A frilled lizard (D:2)
2 creatures vanquished.

Notes
Turn   | Place    | Note
-------+----------+-------------------------------------------
     0 | D:1      | Armakuni the Merfolk Hexslinger began the quest for the
                  | Orb.
     0 | D:1      | Reached XP level 1. HP: 15/15 MP: 2/2
   122 | D:1      | Slain by a quokka

Illustrated notes

Levels and vault maps discovered:
D:1:      dpeg_arrival_stonehenge_8_columns, layout_rooms
D:2:      layout_loops_ring, uniq_terence, uniq_natasha

Action                     || total
---------------------------++-------
   Fire: Sling             ||    20
   Cast: Slow              ||     3
    Use: Scroll            ||     1
         Potion            ||     1
 Armour: Robe              ||     9
  Dodge: Dodged            ||    18
